 Dungeon Crawl Stone Soup version 0.31-a0-44-g49d609d0da (webtiles) character file.

Game seed: 2892313842215092796

1619 senseless the Thaumaturge (level 8, 0/41 HPs)
             Began as a Deep Elf Conjurer on May 20, 2023.
             Was a Follower of Qazlal.
             Slain by a hornet (9 damage)
             ... on level 7 of the Dungeon.
             The game lasted 00:18:04 (6574 turns).

senseless the Thaumaturge (Deep Elf Conjurer)       Turns: 6574, Time: 00:18:04

Health: 0/41       AC: 11    Str:  3    XL:     8   Next: 64%
Magic:  26/33      EV: 15    Int: 34    God:    Qazlal [*.....]
Gold:   188        SH:  2    Dex: 20    Spells: 10/24 levels left

rFire   . . .        c - +1 dagger
rCold   . . .        (no shield)
rNeg    . . .        t - +3 leather armour "Lamaat" {-Tele Will+ Dex+3}
rPois   .            o - +2 helmet {Int+3}
rElec   .            n - +0 cloak
rCorr   .            x - +0 pair of gloves
SInv    .            (no boots)
Will    +....        (no amulet)
Stlth   ++           l - +6 ring of intelligence
HPRegen 0.26/turn    A - ring of magical power
MPRegen 0.23/turn

%: no teleportation
@: no status effects
A: agile 1, high MP 1
a: Renounce Religion


You were on level 7 of the Dungeon.
You worshipped Qazlal.
Qazlal was aware of your devotion.
You visited 2 branches of the dungeon, and saw 8 of its levels.

You collected 321 gold pieces.
You spent 133 gold pieces at shops.

Inventory:

Hand Weapons
 c - a +1 dagger (weapon)
 C - a +3 halberd
Armour
 a - a +0 robe
 n - a +0 cloak (worn)
 o - a +2 helmet of intelligence (worn)
 t - the +3 leather armour "Lamaat" (worn) {-Tele Will+ Dex+3}
   (You took it off a kobold on level 5 of the Dungeon)

   Dex:       It affects your dexterity (+3).
   -Tele:     It prevents most forms of teleportation.
   Will:      It increases your willpower.
 x - a +0 pair of gloves (worn)
Jewellery
 i - an amulet of faith
 k - a ring of positive energy
 l - a +6 ring of intelligence (left hand)
 m - a ring of positive energy
 A - a ring of magical power (right hand)
Wands
 u - a wand of digging (2)
 y - a wand of iceblast (15)
Scrolls
 d - a scroll of vulnerability
 v - a scroll of amnesia
 B - a scroll of poison
Potions
 b - 2 potions of magic
 e - a potion of invisibility
 f - 5 potions of curing
 g - a potion of lignification {unknown}
 h - 6 potions of brilliance
 j - a potion of attraction {unknown}
 p - a potion of berserk rage {unknown}
 q - a potion of cancellation {unknown}
 r - a potion of might {unknown}
 s - a potion of resistance
 w - a potion of ambrosia {unknown}
 z - a potion of flight {unknown}


   Skills:
 + Level 7.9 Dodging
 - Level 2.4 Stealth
 + Level 8.8 Spellcasting
 + Level 8.3 Conjurations


You had 10 spell levels left.
You knew the following spells:

 Your Spells              Type           Power      Damage    Failure   Level
a - Magic Dart            Conj           100%       1d8       1%          1
b - Searing Ray           Conj           100%       2d8       1%          2
c - Dazzling Flash        Conj/Hex       86%        N/A       3%          3
d - Fulminant Prism       Conj/Hex       21%        3d12      11%         4
e - Iskenderun's Mystic   Conj/Tloc      43%        2d10      11%         4

Your spell library contained the following spells:

 Spells                   Type           Power      Damage    Failure   Level
 Apportation              Tloc           28%        N/A       6%          1
 Necrotise                Necr           56%        1d6       6%          1
 Summon Small Mammal      Summ           56%        N/A       6%          1
 Mephitic Cloud           Conj/Pois/Air  33%        N/A       6%          3
 Ensorcelled Hibernation  Hex/Ice        28%        N/A       9%          2
 Passwall                 Tmut/Erth      11%        N/A       9%          2
 Poisonous Vapours        Pois/Air       28%        N/A       9%          2
 Swiftness                Air            14%        N/A       19%         3
 Freezing Cloud           Conj/Ice/Air   16%        6-21      47%         5


Dungeon Overview and Level Annotations

Branches:
Dungeon (7/15)             Temple (1/1) D:4

Altars:
Ashenzari
Cheibriados
Dithmenos
Elyvilon
Fedhas
Gozag
Hepliaklqana
Kikubaaqudgha
Makhleb
Okawaru
Qazlal
Sif Muna
Uskayaw
Yredelemnul
Zin
The Shining One

Shops:
D:3 ?   D:6 (


Innate Abilities, Weirdness & Mutations

You are agile. (Dex +4, Str/Int -1)
You have an increased reservoir of magic. (+10% MP)


Message History

You finish channelling your searing ray.
The hornet misses you.
Casting: Searing Ray (safe; 1% risk of failure)
Confirm with . or Enter, or press ? or * to list all spells.
Aiming: Searing Ray (safe; 1% risk of failure)
Press: ? - help, Shift-Dir - straight line, f/p - hornet
Aim: a hornet (almost dead, 74% to hit)
The searing ray misses the hornet. (Press . to maintain the ray.)
The hornet stings you.
You are poisoned.
You suddenly lose the ability to move!
The hornet stings you.
You feel yourself slow down.
You feel yourself speed up.
You feel sick.
The hornet stings you but does no damage.
You feel sick. The hornet stings you!
You are more poisoned.
You shrug off the repeated paralysis!
The hornet stings you.
You are lethally poisoned!
You feel yourself slow down.
You can move again.
Casting: Searing Ray (safe; 1% risk of failure)
Confirm with . or Enter, or press ? or * to list all spells.
Aiming: Searing Ray (safe; 1% risk of failure)
Press: ? - help, Shift-Dir - straight line, f/p - hornet
Aim: a hornet (almost dead, 74% to hit)
The searing ray misses the hornet. (Press . to maintain the ray.)
* * * LOW HITPOINT WARNING * * *
You feel extremely sick. The hornet closely misses you. The hornet stings you!
* * * LOW HITPOINT WARNING * * *
You are more poisoned.
You shrug off the repeated paralysis!
Unknown command.
You feel better.
You feel yourself speed up. You block the hornet's attack.
The hornet stings you!
You die...

#.##.##########
#.##.....<....#
#.###########.#
# #.# #. #.#
#.### #.# ...#
#.# #####.#.(
#.###.#
#(y...... .
#.....# #@#
.###.##### #.#
.....#
######.#####
##.###
#..........#
##.##
#.####.###.#
#...#
#.####.###.#>.
#.#.#
#............#
#.#.####
#..###.###.###
..#....####..#
#.#


You could see a hornet.

Vanquished Creatures
  2 water moccasins
  An orc warrior (D:7)
  An ice beast (D:6)
  2 ogres
  2 centaurs (D:5)
  A bullfrog (D:6)
  3 scorpions
  3 wights (D:7)
  A hound (D:4)
  2 jellies
  2 sleepcaps (D:5)
  2 iguanas
  Natasha (thrice) (D:3)
  3 gnolls (D:4)
  9 adders
  2 shadow imps
  A white imp (D:6)
  An ufetubus (D:6)
  A worm (D:2)
  A dart slug (D:1)
  10 orcs
  9 endoplasms
  5 giant cockroaches
  5 goblins
  6 hobgoblins
  6 jackals
  9 kobolds
  2 quokkas
  9 ball pythons
  8 bats
  3 frilled lizards
  8 rats
123 creatures vanquished.

Notes
Turn   | Place    | Note
-------+----------+-------------------------------------------
     0 | D:1      | senseless the Deep Elf Conjurer began the quest for the
                  | Orb.
     0 | D:1      | Reached XP level 1. HP: 10/10 MP: 6/6
   220 | D:1      | Reached XP level 2. HP: 15/15 MP: 0/8
   223 | D:1      | Learned a level 2 spell: Searing Ray
  1107 | D:2      | Reached XP level 3. HP: 19/19 MP: 2/10
  1470 | D:2      | Reached skill level 5 in Conjurations
  1622 | D:2      | Reached XP level 4. HP: 24/24 MP: 10/12
  1801 | D:2      | Learned a level 3 spell: Dazzling Flash
  1806 | D:2      | Learned a level 4 spell: Fulminant Prism
  2341 | D:3      | Found a faded altar of an unknown god.
  2419 | D:3      | Found The Oracle's Delphic Readings.
  2466 | D:3      | Bought a scroll of identify for 28 gold pieces
  2560 | D:3      | Noticed Natasha
  2568 | D:3      | Killed Natasha
  2673 | D:3      | Noticed Natasha
  2676 | D:3      | Killed Natasha
  2677 | D:3      | Reached XP level 5. HP: 25/28 MP: 10/14
  2808 | D:3      | Noticed Natasha
  2811 | D:3      | Killed Natasha
  2819 | D:3      | Reached skill level 5 in Spellcasting
  2934 | D:3      | Bought a scroll of enchant armour for 105 gold pieces
  3068 | D:4      | Learned a level 4 spell: Iskenderun's Mystic Blast
  3305 | D:4      | Found a staircase to the Ecumenical Temple.
  3314 | Temple   | Entered the Ecumenical Temple
  3486 | Temple   | Became a worshipper of Qazlal Stormbringer
  3545 | D:4      | Reached XP level 6. HP: 32/32 MP: 4/16
  3655 | D:4      | Reached skill level 5 in Dodging
  4157 | D:5      | Entered Level 5 of the Dungeon
  4358 | D:5      | Reached XP level 7. HP: 36/36 MP: 15/18
  4636 | D:5      | Identified the +3 leather armour "Lamaat" {-Tele Will+
                  | Dex+3}
  4737 | D:5      | Reached * piety under Qazlal
  5318 | D:6      | Found Focan's Weapon Emporium.
  5343 | D:6      | Reached XP level 8. HP: 41/41 MP: 15/21
  5381 | D:6      | Gained mutation: You have an increased reservoir of magic.
                  | (+10% MP) [potion of mutation]
  5381 | D:6      | Gained mutation: You are agile. (Dex +4, Str/Int -1)
                  | [potion of mutation]
  6565 | D:7      | Noticed a hornet
  6570 | D:7      | Paralysed by a hornet for 3 turns
  6573 | D:7      | HP: 1/41 [hornet (11)]
  6574 | D:7      | Slain by a hornet

Illustrated notes

Levels and vault maps discovered:
D:1:      mrwooster_arrival_arrow, layout_loops_ring
D:2:      layout_basic
D:3:      layout_rooms, ebering_ecumenical_altar_webs,
          nicolae_nh_oracle_at_delphi, uniq_natasha
D:4:      layout_cave_pools, minmay_temple_entry_grid
D:5:      corexii_shack_village, layout_rooms, serial_bayou_ford_a
D:6:      layout_loops_ring, serial_shops, shop
D:7:      minmay_the_grid_octo_triangle [minmay_the_grid_octo_teeth,
          minmay_the_grid_octo_prize_square_snowflake,
          minmay_the_grid_octo_odd_swirl], layout_loops_ring,
          lemuel_doored_altar, uniq_menkaure
Temple:   eino_temple_scatter_basement

Skill      XL: |  1  2  3  4  5  6  7  8 |
---------------+-------------------------+-----
Dodging        | 3 4 5 6 7 |  7.9
Spellcasting   | 4 5 6 7 8 |  8.8
Conjurations   | 5 6 7 8 |  8.3
Stealth        | |  2.4

Action                     |  1- 3 |  4- 6 |  7- 9 || total
---------------------------+-------+-------+-------++-------
  Melee: Dagger            |     4 |     1 |       ||     5
   Cast: Magic Dart        |    68 |   143 |    90 ||   301
         Searing Ray       |       |     3 |    16 ||    19
    Use: Scroll            |       |    10 |     5 ||    15
         Potion            |       |       |     2 ||     2
 Armour: Robe              |     2 |    13 |     1 ||    16
         Leather armour    |       |       |    10 ||    10
  Dodge: Dodged            |     7 |    27 |    23 ||    57
  Block: Other             |       |       |     1 ||     1

Table legend: (Time is in decaauts)
 A = Elapsed time spent in this place.
 B = Non-inter-level travel time spent in this place.
 C = Inter-level travel time spent in this place.
 D = Time resting spent in this place.
 E = Time spent auto-exploring this place.
 F = Levels seen in this place.
 G = Mean time per level.
                   A        B        C        D        E       F      G
               +--------+--------+--------+--------+--------+-----+--------+
         Total |   6581 |   6198 |    383 |    227 |   5236 |   8 |  822.6 |
       Dungeon |   6398 |   6041 |    357 |    227 |   5095 |   7 |  914.0 |
        Temple |    183 |    157 |     26 |      0 |    141 |   1 |  183.0 |
               +--------+--------+--------+--------+--------+-----+--------+

Top non-repeatable levels by time:
     D:2: 1253 daAuts
     D:4: 1149 daAuts
     D:6: 1030 daAuts
     D:1: 999 daAuts
     D:5: 985 daAuts
     D:3: 751 daAuts
     D:7: 229 daAuts
  Temple: 183 daAuts
